 Dungeon Crawl Stone Soup version 0.21.1-1-g345015f (webtiles) character file.

105 shakethe the Cudgeler (level 4, -9/33 HPs)
             Began as a Demonspawn Gladiator on Feb 15, 2018.
             Was a Follower of Cheibriados.
             Killed from afar by Blork the orc (10 damage)
             ... with a magic dart
             ... on level 3 of the Dungeon.
             The game lasted 00:05:45 (2096 turns).

shakethe the Cudgeler (Demonspawn Gladiator)        Turns: 2096, Time: 00:05:45

Health: -9/33      AC:  7    Str: 17    XL:     4   Next: 53%
Magic:  4/4        EV: 13    Int: 11    God:    Cheibriados [*.....]
Gold:   157        SH:  0    Dex: 17    Spells: 3/3 levels left

rFire    . . .     SeeInvis .   a - +0 flail
rCold    . . .     Gourm    .   (no shield)
rNeg     . . .     Faith    .   b - +0 leather armour
rPois    .         Spirit   .   s - +0 helmet
rElec    .         Reflect  .   (no cloak)
rCorr    .         Harm     .   o - +2 pair of gloves
MR       .....                  (no boots)
Stlth    +.........             (no amulet)
HPRegen  0.11/turn              (no ring)
MPRegen  0.09/turn              (no ring)

@: very slow
A: talons 1
a: Bend Time, Renounce Religion


You were on level 3 of the Dungeon.
You worshipped Cheibriados.
Cheibriados was aware of your devotion.
You were hungry.

You visited 1 branch of the dungeon, and saw 4 of its levels.

You collected 157 gold pieces.

Inventory:

Hand Weapons
 a - a +0 flail (weapon)
Missiles
 d - a throwing net (quivered) {=f, !d}
 g - 7 tomahawks
Armour
 b - a +0 leather armour (worn)
 c - a +0 helmet
 o - a +2 pair of gloves (worn)
   (You found it on level 2 of the Dungeon)
 s - a +0 helmet (worn)
   (You found it on level 2 of the Dungeon)
Scrolls
 h - 6 scrolls of identify {unknown}
 i - 3 scrolls of remove curse {unknown}
 j - a scroll of enchant armour {unknown}
 k - 2 scrolls of blinking {unknown}
 l - 2 scrolls of amnesia {unknown}
 m - a scroll of fear {unknown}
 p - 4 scrolls of magic mapping {unknown}
 q - a scroll of fog {unknown}
Potions
 e - a potion of curing {unknown}
 n - a potion of agility {unknown}
 r - a potion of heal wounds {unknown}
 t - a potion of mutation {unknown}
 u - a potion of ambrosia {unknown}
Comestibles
 f - a ration


   Skills:
 - Level 2.0 Fighting
 * Level 4.9 Maces & Flails
 - Level 1.7 Throwing
 - Level 2.6 Dodging


You had 3 spell levels left.
You didn't know any spells.

Dungeon Overview and Level Annotations

Branches:
Dungeon (4/15)
 Temple: D:4-7

Altars:
Ashenzari
Cheibriados
Hepliaklqana
Makhleb
Nemelex Xobeh
Ru

Annotations:
D:3 Blork the orc


Innate Abilities, Weirdness & Mutations

You have sharp toenails.


Message History

You hit the worker ant.
You feel sick. The worker ant closely misses you.
You take 1 damage, and have 30/33 hp.
You barely miss the worker ant.
You claw the worker ant, but do no damage.
The worker ant bites you. The worker ant closely misses you.
You take 2 damage, and have 28/33 hp.
You hit the worker ant but do no damage.
Your kick misses the worker ant.
You feel sick.
The worker ant bites you but does no damage.
You take 1 damage, and have 27/33 hp.
You hit the worker ant.
The worker ant waves its antennae.
The worker ant barely misses you. The worker ant bites you.
You take 2 damage, and have 25/33 hp.
You hit the worker ant. The worker ant closely misses you.
You completely miss the worker ant.
The worker ant bites you but does no damage.
You thump the worker ant!
You kill the worker ant!
Cheibriados thoroughly appreciates the change of pace.
You feel sick.
You take 1 damage, and have 25/33 hp.
You see here a worker ant corpse.
There is a stone staircase leading up here.
You feel sick.
There is a stone staircase leading up here.
You take 1 damage, and have 24/33 hp.
You start resting.
You feel sick. x3
You are no longer poisoned.
You take 1 damage, and have 23/33 hp.
You see here a worker ant corpse.
You start resting.
Health restored: 33
There is a stone staircase leading up here.
You now have 157 gold pieces (gained 13).
Found a sacrificial altar of Ru.
p - 4 scrolls labeled ILUAMO PYHIESM (gained 3) Blork the orc comes into view.
He is wielding a war axe.
Blork the orc shouts!
Blork the orc curses loudly.
Blork the orc gestures at you while chanting.
The magic dart hits you!
You take 5 damage, and have 28/33 hp.
Blork the orc casts a spell at you. The puff of flame hits you!
You take 6 damage, and have 23/33 hp.
You see here a helmet.
Blork the orc points at you and mumbles some strange words.
The magic dart hits you!
You take 8 damage, and have 16/33 hp.
MASSIVE DAMAGE!!
You are feeling hungry.
There is a stone staircase leading up here.
Blork the orc gestures at you while chanting.
The puff of frost hits you!
You climb upwards.
There is a stone staircase leading down here.
You take 3 damage, and have 13/33 hp.
Okay, then.
There are no items here.
Aim: Blork the orc, wielding a war axe and wearing a robe You throw a throwing net {=f, !d}.
The throwing net {=f, !d} closely misses Blork the orc.
Blork the orc misses you.
Aim: Blork the orc, wielding a war axe and wearing a robe You throw a throwing net {=f, !d}.
The throwing net {=f, !d} hits Blork the orc.
Blork the orc is caught in the net!
Blork the orc struggles against the net. x2
Blork the orc struggles against the net.
Blork the orc struggles against the net. x2
The net rips apart, and Blork the orc comes free!
Blork the orc frowns.
Blork the orc casts a spell at you. The puff of frost misses you.
Blork the orc screams, "I don't like you!"
Blork the orc casts a spell at you. The puff of flame misses you.
You hit Blork the orc. You claw Blork the orc.
Blork the orc hits you with a war axe.
You take 4 damage, and have 12/33 hp.
You hit Blork the orc. Your kick misses Blork the orc.
Blork the orc hits you but does no damage.
You closely miss Blork the orc. Blork the orc misses you.
You hit Blork the orc. You claw Blork the orc.
Blork the orc hits you with a war axe!
* * * LOW HITPOINT WARNING * * *
You take 12 damage, and have 1/33 hp.
MASSIVE DAMAGE!!
Aim: Blork the orc, wielding a war axe and wearing a robe (moderately wounded)
You throw a throwing net {=f, !d}.
The throwing net {=f, !d} hits Blork the orc.
Blork the orc is caught in the net!
Blork the orc struggles against the net.
Blork the orc struggles against the net. x2
Blork the orc struggles against the net.
Blork the orc casts a spell at you. The magic dart hits you!
You die...

# #.........### #.<... #####
#..........## #.#... ....#
#...........# #.#.#. ###.#
##.........## #.#.#. ###.######
##..o....## #...(. ##.......####
##.....## #.....
......##....#####..)## #.....
......#.......###...#########..##
................@................
.#.............)........###.#..#.
....#.#........................#.
.#......................###......
...........>#.###...##### #....#.
......#.......# #....# #.#.##.
###......###### #....# #.(....
########.# #....## ###.### .....#
#.# ### ##<#..# ##.###


You could see Blork the orc (caught).

Vanquished Creatures
  A worker ant (D:4)
  2 adders
  An ooze (D:1)
  A worm (D:3)
  A dart slug (D:1)
  A leopard gecko (D:1)
  4 orcs (D:3)
  4 giant cockroaches
  4 goblins
  7 hobgoblins
  3 jackals (D:1)
  5 kobolds
  A quokka (D:3)
  2 bats (D:1)
  3 frilled lizards
  6 rats
46 creatures vanquished.

Notes
Turn   | Place    | Note
-------+----------+-------------------------------------------
     0 | D:1      | shakethe the Demonspawn Gladiator began the quest for the Orb.
     0 | D:1      | Reached XP level 1. HP: 16/16 MP: 1/1
    16 | D:1      | Reached skill level 3 in Maces & Flails
    30 | D:1      | Gained mutation: You have sharp toenails. [demonic ancestry]
    30 | D:1      | Reached XP level 2. HP: 10/22 MP: 2/2
   656 | D:1      | Reached XP level 3. HP: 21/27 MP: 3/3
  1008 | D:2      | Reached skill level 4 in Maces & Flails
  1015 | D:2      | Found a snail-covered altar of Cheibriados.
  1064 | D:2      | Became a worshipper of Cheibriados the Contemplative
  1418 | D:3      | Found a sparkling altar of Nemelex Xobeh.
  1561 | D:3      | Found a hazy altar of Hepliaklqana.
  1562 | D:3      | Found a shattered altar of Ashenzari.
  1562 | D:3      | Found a burning altar of Makhleb.
  1627 | D:3      | Reached XP level 4. HP: 33/33 MP: 4/4
  1686 | D:3      | Reached * piety under Cheibriados
  2023 | D:4      | Found a sacrificial altar of Ru.
  2043 | D:4      | Noticed Blork the orc
  2092 | D:3      | HP: 1/33 [Blork the orc/war axe (12)]
  2096 | D:3      | Killed from afar by Blork the orc

Skill      XL: |  1  2  3 |
---------------+----------+-----
Maces & Flails | 3 4 |  4.9
Fighting       | |  2.0
Throwing       | |  1.7
Dodging        | |  2.6

Action                   |  1- 3 |  4- 6 || total
-------------------------+-------+-------++-------
Melee: Flail             |    87 |    27 ||   114
       Kick              |    17 |     5 ||    22
Throw: Tomahawk          |     2 |       ||     2
       Throwing net      |       |     3 ||     3
 Stab: Sleeping          |     1 |     2 ||     3
  Eat: Chunk             |     2 |     1 ||     3
Armor: Leather armour    |    32 |     8 ||    40
Dodge: Dodged            |    53 |    13 ||    66

Vault maps used:
D:1:      dpeg_arrival_stonehenge_8_columns
D:2:      cheibriados_altar_1, uniq_crazy_yiuf_cottage, uniq_robin
D:3:      gammafunk_temple_overflow_forgotten,
          nemelex_xobeh_ov_fountains_minmay, first_ration
D:4:      lemuel_crystal_altar, kennysheep_little_box,
          nicolae_ru_sacrificial_ziggurat, uniq_blork_the_orc

Table legend:
 A = Turns spent in this place as a percentage of turns spent in the entire game.
 B = Non-inter-level travel turns spent in this place as a percentage of non-inter-level travel turns spent in the entire game.
 C = Inter-level travel turns spent in this place as a percentage of turns spent in this place.
 D = Turns resting spent in this place as a percentage of non-inter-level travel turns spent in this place.
 E = Turns spent auto-exploring this place as a percentage of non-inter-level travel turns spent in this place.
 F = Non-inter-level travel turns spent in this place divided by the number of levels of this place that you've seen.
                   A       B       C       D       E      F
               +-------+-------+-------+-------+-------+----------------------
         Total | 100.0 | 100.0 |   2.0 |  14.0 |  48.0 | 513.5
       Dungeon | 100.0 | 100.0 |   2.0 |  14.0 |  48.0 | 513.5
               +-------+-------+-------+-------+-------+----------------------

Table legend:
 A = Kills in this place as a percentage of kills in entire the game.
 B = Kills by you in this place as a percentage of kills by you in the entire game.
 C = Kills by friends in this place as a percentage of kills by friends in the entire game.
 D = Other kills in this place as a percentage of other kills in the entire game.
 E = Experience gained in this place as a percentage of experience gained in the entire game.
 F = Experience gained in this place divided by the number of levels of this place that you have seen.
                   A       B       C       D       E      F
               +-------+-------+-------+-------+-------+----------------------
         Total | 100.0 | 100.0 |   N/A |   N/A | 100.0 |  37.5
       Dungeon | 100.0 | 100.0 |   N/A |   N/A | 100.0 |  37.5
               +-------+-------+-------+-------+-------+----------------------
